Map: Ley Lines

Players

ShoWTimE - Winner!

  • Race: Protoss Protoss
  • League: Master
  • Spawn Location: 1:00

Spirit (souL)

  • Race: Terran Terran
  • League: Master
  • Spawn Location: 7:00

Event: HomeStory Cup XXVI

VOD

Have the link to the VOD?

Description

Time

  • Played on: Nov. 29, 2024, 1:44 p.m.
  • Length: 18:50

All games in this series

Show
View Real Time Build Order
Export as new Build Order

ShoWTimE Protoss - Winner!

Build Orders: 1 Gate Expand, Blink Stalkers 

Get SALT Encoding   

  12  0:00  Probe  
  13  0:12  Probe  
  14  0:17  Pylon  
  14  0:23  Probe  
  15  0:31  Probe  
  15  0:36  Gateway  
  15  0:39  Probe  
  16  0:46  Assimilator  
  17  0:50  Probe  
  18  1:03  Probe  
  19  1:15  Probe  
  20  1:26  Cybernetics Core  
  20  1:31  Nexus  
  20  1:35  Probe  
  21  1:42  Pylon  
  21  1:47  Probe  
  21  1:51  Assimilator  
  21  1:53  Adept, Warp Gate  
  22  1:59  Probe  
  25  2:11  Probe  
  25  2:14  Adept  
  26  2:18  Pylon  
  26  2:28  Probe  
  29  2:36  Gateway  
  29  2:43  Gateway  
  29  2:47  Probe x2  
  31  2:52  Stalker  
  33  2:59  Probe  
  33  3:05  Shield Battery  
  32  3:12  Probe x2  
  34  3:20  Twilight Council  
  34  3:24  Probe x2  
  34  3:37  Blink  
  34  3:40  Pylon  
  36  3:41  Stalker  
  36  3:43  Stalker  
  36  3:45  Adept  
  36  3:47  Probe  
  36  3:48  Probe  
  42  4:01  Probe x2  
  44  4:07  Stalker x2  
  48  4:11  Stalker  
  48  4:13  Probe  
  48  4:15  Probe  
  52  4:19  Pylon  
  52  4:26  Probe  
  53  4:32  Stalker x2  
  53  4:35  Stalker  
  59  4:43  Probe x2  
  58  4:55  Stalker x2  
  54  5:06  Stalker  
  49  5:07  Probe x2  
  51  5:17  Robotics Facility  
  51  5:19  Probe  
  51  5:20  Shield Battery  
  52  5:22  Probe  
  53  5:31  Probe  
  53  5:35  Assimilator, Probe  
  53  5:39  Stalker, Probe  
  55  5:44  Charge  
  55  5:47  Probe x2  
  58  5:57  Stalker  
  58  5:58  Stalker, Probe  
  58  5:59  Probe  
  58  6:00  Pylon  
  64  6:09  Observer  
  64  6:10  Probe  
  64  6:11  Pylon, Probe  
  67  6:22  Probe  
  67  6:23  Probe  
  67  6:24  Observer  
  69  6:28  Nexus  
  70  6:34  Probe  
  70  6:35  Probe  
  70  6:37  Sentry, Pylon  
  74  6:41  Forge  
  74  6:46  Probe  
  74  6:47  Probe  
  72  6:56  Stalker  
  72  6:59  Probe  
  71  7:03  Observer  
  71  7:06  Probe, Protoss Ground Weapons Level 1  
  72  7:11  Gateway, Probe  
  72  7:12  Warp Prism, Gateway  
  75  7:29  Sentry  
  77  7:30  Gateway, Probe  
  77  7:31  Probe  
  78  7:43  Probe  
  78  7:44  Probe x2  
  80  7:45  Gateway  
  80  7:46  Immortal  
  80  7:50  Gateway  
  80  7:53  Sentry  
  80  7:55  Probe  
  80  7:56  Probe  
  88  8:04  Probe  
  88  8:05  Zealot x2  
  93  8:08  Zealot  
  93  8:10  Zealot  
  97  8:15  Probe x2  
  97  8:16  Probe  
  97  8:18  Assimilator  
  97  8:19  Robotics Bay  
  100  8:23  Shield Battery  
  100  8:28  Pylon  
  101  8:39  Zealot x3  
  101  8:40  Zealot x3  
  103  8:45  Sentry x2  
  103  8:46  Shield Battery  
  102  8:53  Shield Battery  
  96  9:00  Zealot x2  
  88  9:10  Zealot  
  88  9:11  Zealot x2  
  88  9:14  Pylon  
  88  9:16  Pylon  
  94  9:24  Pylon  
  94  9:26  Zealot  
  94  9:38  Zealot x6  
  88  9:51  Stalker x2  
  79  10:02  Zealot  
  79  10:03  Sentry  
  77  10:17  Zealot  
  77  10:30  Zealot  
  79  10:37  Zealot  
  79  10:42  Zealot  
  31  11:05  Observer  
  31  11:11  Sentry  
  31  11:23  Phoenix  
Show
View Real Time Build Order
Export as new Build Order

Spirit Terran 

Build Orders:  

Get SALT Encoding   

  12  0:00  SCV  
  13  0:12  SCV  
  14  0:16  Supply Depot  
  14  0:24  SCV  
  15  0:33  Refinery  
  15  0:38  SCV  
  16  0:45  Barracks  
  16  0:50  SCV  
  17  1:02  SCV  
  18  1:04  Engineering Bay  
  18  1:14  SCV  
  19  1:26  SCV  
  19  1:32  Marine  
  21  1:39  Factory  
  21  1:40  Orbital Command  
  21  1:47  Supply Depot  
  21  1:55  Barracks Reactor  
  21  2:05  SCV  
  22  2:18  Command Center  
  22  2:22  SCV  
  23  2:34  SCV, Hellion  
  23  2:35  Hellion  
  23  2:36  Barracks Tech Lab  
  28  2:41  Supply Depot  
  28  2:46  SCV  
  28  2:50  Refinery  
  28  3:04  SCV  
  29  3:10  Cyclone, Marine x2  
  34  3:16  Starport  
  34  3:19  SCV  
  35  3:30  Marine  
  35  3:31  SCV  
  37  3:42  Marine, Cyclone  
  37  3:43  SCV  
  37  3:47  Orbital Command  
  42  3:53  Medivac  
  45  3:55  SCV  
  45  4:01  Supply Depot, Marine  
  46  4:03  Marine  
  46  4:07  SCV  
  48  4:13  SCV  
  49  4:19  SCV  
  49  4:21  Supply Depot  
  53  4:25  SCV  
  53  4:26  Marine x2  
  53  4:30  Siege Tank  
  56  4:33  SCV  
  56  4:37  Barracks  
  57  4:41  SCV  
  57  4:44  Marine x2  
  59  4:45  SCV  
  52  4:58  SCV  
  47  5:01  Orbital Command, Marine  
  47  5:02  Siege Tank, Marine  
  46  5:10  SCV  
  47  5:15  Starport Tech Lab  
  47  5:19  Marine x2  
  49  5:22  SCV  
  49  5:27  Bunker  
  49  5:28  SCV  
  51  5:34  SCV, Siege Tank  
  54  5:37  Marine x2  
  54  5:40  SCV  
  57  5:44  Stimpack  
  57  5:46  SCV  
  57  5:47  Marine  
  59  5:52  SCV  
  59  5:54  Barracks  
  59  5:55  Marine  
  61  5:58  SCV  
  61  6:01  Supply Depot  
  62  6:04  SCV  
  62  6:07  Engineering Bay  
  62  6:10  SCV  
  62  6:11  Marine x2  
  65  6:16  SCV  
  65  6:17  Supply Depot  
  66  6:19  Marine  
  66  6:22  SCV  
  66  6:25  Engineering Bay  
  67  6:26  Supply Depot, Factory Reactor  
  67  6:28  SCV  
  67  6:29  Marine  
  67  6:30  Marine  
  70  6:32  Refinery  
  70  6:34  Starport Reactor  
  70  6:38  Marine  
  70  6:39  SCV  
  72  6:41  SCV  
  72  6:42  Supply Depot  
  73  6:48  Marine  
  73  6:51  SCV  
  73  6:53  SCV  
  76  6:55  Marine  
  76  6:58  Marine  
  79  7:03  SCV  
  79  7:05  Combat Shield, SCV  
  74  7:09  Terran Infantry Weapons Level 1  
  74  7:12  Missile Turret  
  74  7:13  Refinery  
  74  7:14  Supply Depot  
  74  7:15  SCV  
  76  7:17  Marauder x2  
  81  7:24  Concussive Shells  
  81  7:27  SCV  
  81  7:28  Barracks  
  81  7:29  SCV, Barracks  
  79  7:33  Medivac  
  79  7:37  Factory Reactor, Medivac  
  79  7:38  Marauder  
  79  7:39  Marine  
  83  7:45  Marauder  
  83  7:50  Marine  
  86  7:54  Supply Depot  
  86  7:57  Marine  
  87  7:59  Marauder  
  89  8:06  Marauder  
  89  8:07  Supply Depot  
  89  8:08  Marine  
  89  8:09  Medivac  
  94  8:15  Marine, Medivac  
  97  8:20  Supply Depot, Marine  
  97  8:22  Marine  
  99  8:27  Widow Mine  
  99  8:28  Marine  
  99  8:29  Marine, Marauder, Widow Mine  
  99  8:33  Marine  
  106  8:38  Marine  
  106  8:40  Marine  
  99  8:46  Marine  
  99  8:47  Marine  
  98  8:50  Marauder  
  98  8:51  Marine  
  97  8:56  Marine  
  97  8:57  Marine  
  93  9:04  Marine, Missile Turret  
  93  9:05  Marine  
  93  9:09  Marine  
  93  9:11  Marine  
  93  9:14  Marine  
  93  9:15  Marine  
  96  9:22  Marine  
  96  9:23  Marine  
  96  9:26  Marine  
  96  9:29  Marine  
  96  9:31  Marine  
  96  9:33  Marine  
  85  9:40  Marine  
  85  9:41  Marine  
  85  9:44  Marine  
  78  9:47  Marine  
  78  9:49  Marine  
  78  9:51  Marine  
  72  9:57  Marine  
  72  9:58  Marine  
  60  10:02  Marine  
  25  13:05  Starport Tech Lab  
  20  16:28  Orbital Command, Banshee  
  3  17:19  SCV  
  1  18:02  Factory Tech Lab  
Tags
 
Add a new tag
Caveats
  • Supply blocks, unpowered buildings, or Contaminate may cause inaccurate times.
  • Supply counts are checked every 10 seconds.